AoeStats
← aleixmn8.s

Lombardia

509944609Analyzed
2v2 RM · 3d ago on Sep 28, 2026· 46m 27s· 4 players
Game mode
Random Map
Map size
Medium (4 player)
Population
200
Speed
Normal
Resources
Standard
Victory
Conquest
Starting age
Dark Age
Ending age
Imperial Age
RankedLock teamsTeams togetherTeam positionsShared explorationLock speedFull tech treeHidden civsTurbo modeCheats
Victory
Defeat
🇩🇪 Varangians · Germany
716
+14
🇩🇪 Vietnamese · Germany
695
+16
🇪🇸 Mongols · Spain
692
-15
🇪🇸 Magyars · Spain
673
-15
j0w1_69
5:58 Loom
11:51 Feudal Age
13:25 Wheelbarrow
13:23 Double-Bit Axe
13:21 Horse Collar
16:04 Bloodlines
19:36 Scale Barding Armor
19:32 Padded Archer Armor
21:14 Fletching
24:31 Castle Age
28:37 Bow Saw
28:30 Heavy Plow
29:31 Thumb Ring
28:46 Crossbowman
31:28 Leather Archer Armor
31:09 Bodkin Arrow
31:35 Chain Barding Armor
31:42 Husbandry
32:48 Hand Cart
33:09 Caravan
35:00 Ballistics
34:45 Pikeman
40:41 Imperial Age
44:39 Halberdier
46:04 Cavalier
aleixmn8.s
0:28 Loom
10:11 Feudal Age
10:51 Double-Bit Axe
16:52 Scale Barding Armor
18:17 Bloodlines
19:57 Wheelbarrow
19:03 Horse Collar
24:10 Castle Age
23:20 Fletching
23:33 Padded Archer Armor
24:16 Stone Mining
25:51 Bow Saw
26:39 Light Cavalry
27:29 Heavy Plow
28:04 Chain Barding Armor
30:14 Thumb Ring
33:14 Husbandry
40:41 Ballistics
weachman
11:33 Feudal Age
12:06 Double-Bit Axe
12:52 Man-at-Arms
14:09 Town Watch
18:59 Horse Collar
20:06 Stone Mining
24:35 Castle Age
23:06 Gold Mining
24:26 Man-at-Arms
24:52 Arson
24:41 Elite Skirmisher
25:09 Gambesons
25:31 Heavy Plow
26:00 Caravan
25:52 Loom
26:42 Wheelbarrow
25:47 Pikeman
26:27 Squires
27:27 Bow Saw
28:31 Husbandry
30:46 Scale Barding Armor
30:52 Forging
30:33 Fletching
30:52 Vendel Legacy
32:52 Chain Barding Armor
37:01 Iron Casting
36:22 Bodkin Arrow
43:25 Imperial Age
43:37 Elite Jarl
44:05 Cavalier
45:09 Scale Mail Armor
46:16 Blast Furnace
bobozius
13:00 Feudal Age
13:27 Double-Bit Axe
13:25 Horse Collar
14:25 Wheelbarrow
18:48 Castle Age
17:18 Stone Mining
19:54 Bow Saw
20:18 Heavy Plow
21:29 Gold Mining
23:06 Hand Cart
25:51 Arson
25:26 Man-at-Arms
27:51 Long Swordsman
32:46 Stone Shaft Mining
32:13 Town Watch
34:05 Fletching
34:15 Padded Archer Armor
34:46 Caravan
34:50 Treadmill Crane
35:21 Fortified Wall
35:46 Town Patrol
40:36 Imperial Age
39:43 Masonry
41:48 Crop Rotation
40:50 Elite Skirmisher
42:49 Two-Man Saw
43:09 Chemistry
42:10 Bodkin Arrow
42:30 Leather Archer Armor
43:29 Bracer
43:39 Imperial Skirmisher
43:42 Elite Rattan Archer
45:47 Paper Money
46:59 Ring Archer Armor
Connection lost

Rejoining the realm…

Still unreachable

The connection could not be restored.

Session expired

The server has moved on; the page needs a fresh start.